 Dungeon Crawl Stone Soup version 0.29-a0-1039-gfc20370e89 (webtiles) character file.

Game seed: 9268603369675483545

41 BritishOli the Trooper (level 3, 0/29 HPs)
             Began as a Demonspawn Fighter on Aug 15, 2022.
             Slain by a worm (3 damage)
             ... on level 2 of the Dungeon.
             The game lasted 00:00:49 (1192 turns).

BritishOli the Trooper (Demonspawn Fighter)         Turns: 1192, Time: 00:00:50

Health: 0/29       AC:  6    Str: 18    XL:     3   Next: 32%
Magic:  3/3        EV:  9    Int:  9    God:
Gold:   84         SH:  4    Dex: 12    Spells: 2/2 levels left

rFire   . . .      SeeInvis .   a - +0 long sword
rCold   . . .      Faith    .   c - +0 buckler
rNeg    . . .      Spirit   .   b - +0 scale mail
rPois   .          Reflect  .   (no helmet)
rElec   .          Harm     .   (no cloak)
rCorr   .          Rampage  .   (no gloves)
Will    .....                   (no boots)
Stlth   ..........              (no amulet)
HPRegen 0.09/turn               (no ring)
MPRegen 0.08/turn               (no ring)

@: no status effects
A: hooves 1, ignite blood 1
a: no special abilities


You were on level 2 of the Dungeon.
You visited 1 branch of the dungeon, and saw 2 of its levels.

You collected 84 gold pieces.

Inventory:

Hand Weapons
 a - a +0 long sword (weapon)
Armour
 b - a +0 scale mail (worn)
 c - a +0 buckler (worn)
Wands
 m - a wand of flame (21)
Scrolls
 f - a scroll of teleportation {unknown}
 g - a scroll of magic mapping {unknown}
 h - a scroll of vulnerability {unknown}
 k - a scroll of amnesia {unknown}
 l - a scroll of blinking {unknown}
 n - a scroll of poison {unknown}
Potions
 d - a potion of might
 e - 2 potions of attraction {unknown}
 i - 2 potions of berserk rage {unknown}
 j - 2 potions of curing {unknown}
 o - a potion of brilliance {unknown}


   Skills:
 + Level 3.4 Fighting
 + Level 2.3 Long Blades
 + Level 3.0 Armour
 + Level 3.0 Shields


You had 2 spell levels left.
You didn't know any spells.
Your spell library was empty.

Dungeon Overview and Level Annotations

Branches:
Dungeon (2/15)

Altars:
Kikubaaqudgha


Innate Abilities, Weirdness & Mutations

You have large cloven feet.
Your demonic aura sometimes causes spilled blood to erupt in flames.


Message History

The jackal barely misses you.
The jackal bites you but does no damage.
The jackal closely misses you. x2
You hit the jackal.
The jackal is severely wounded.
The jackal bites you but does no damage.
The jackal bites you.
* * * LOW HITPOINT WARNING * * *
The jackal bites you but does no damage.
The jackal barely misses you. The jackal attacks as you move away!
You block the jackal's attack.
You closely miss the jackal. You kick the jackal.
The jackal is heavily wounded.
The jackal barely misses you.
The jackal bites you but does no damage.
You closely miss the jackal.
The jackal is heavily wounded.
The jackal bites you but does no damage.
The jackal bites you.
* * * LOW HITPOINT WARNING * * *
You hit the jackal.
You kill the jackal!
The jackal barely misses you.
You hit the jackal.
You kill the jackal!
You closely miss the jackal. You block the jackal's attack.
The jackal bites you but does no damage.
You closely miss the jackal. The jackal completely misses you.
You block the jackal's attack.
You closely miss the jackal.
The jackal bites you but does no damage.
The jackal completely misses you.
You barely miss the jackal. You kick the jackal, but do no damage.
The jackal completely misses you. You block the jackal's attack.
You closely miss the jackal. Your kick misses the jackal.
The jackal bites you but does no damage.
You slash the jackal!
You kill the jackal!
You block the kobold's attack. The worm bites you.
You die...

.# .# ####### .#
#.....# .# #.###.# .#
####.###@#
#########....#.wK#
..........####.########
.......#...#....Kh..)..
.......#.#.#.#.h.......
.......#.#.#.#.........
.#######.#.# #.........
.# #.#.# #......... .#
....# #.........


You could see a worm and a kobold.

Vanquished Creatures
  A worm (D:2)
  A dart slug (D:1)
  5 ball pythons
  4 endoplasms
  3 giant cockroaches
  4 goblins
  2 hobgoblins (D:1)
  4 jackals (D:2)
  A quokka (D:2)
  A bat (D:2)
  A kobold (D:1)
  4 rats
31 creatures vanquished.

Notes
Turn   | Place    | Note
-------+----------+-------------------------------------------
     0 | D:1      | BritishOli the Demonspawn Fighter began the quest for the
                  | Orb.
     0 | D:1      | Reached XP level 1. HP: 18/18 MP: 1/1
   282 | D:1      | Discovered your monstrous ancestry.
   282 | D:1      | Gained mutation: You have large cloven feet. [demonic
                  | ancestry]
   282 | D:1      | Reached XP level 2. HP: 24/24 MP: 2/2
   993 | D:2      | Gained mutation: Your demonic aura sometimes causes spilled
                  | blood to erupt in flames. [demonic ancestry]
   993 | D:2      | Reached XP level 3. HP: 24/29 MP: 3/3
  1085 | D:2      | Found an ancient bone altar of Kikubaaqudgha.
  1192 | D:2      | Slain by a worm

Illustrated notes

Levels and vault maps discovered:
D:1:      giann_forest_graveyard, layout_basic, minmay_surrounded
D:2:      layout_basic, basic_altar

Skill      XL: |  1  2 |
---------------+-------+-----
Long Blades    | 2 |  2.3
Armour         | 3 |  3.0
Shields        | 3 |  3.0
Fighting       | |  3.4

Action                   || total
-------------------------++-------
Melee: Long sword        ||    90
       Kick              ||    15
Armor: Scale mail        ||    58
Dodge: Dodged            ||    45
Block: Buckler           ||    24

Table legend: (Time is in decaauts)
 A = Elapsed time spent in this place.
 B = Non-inter-level travel time spent in this place.
 C = Inter-level travel time spent in this place.
 D = Time resting spent in this place.
 E = Time spent auto-exploring this place.
 F = Levels seen in this place.
 G = Mean time per level.
                   A        B        C        D        E       F      G
               +--------+--------+--------+--------+--------+-----+--------+
         Total |   1221 |   1191 |     30 |      0 |    983 |   2 |  610.5 |
       Dungeon |   1221 |   1191 |     30 |      0 |    983 |   2 |  610.5 |
               +--------+--------+--------+--------+--------+-----+--------+

Top non-repeatable levels by time:
     D:1: 856 daAuts
     D:2: 364 daAuts
